AoeStats
← Garesss

Black Forest

507835063Analyzed
2v2 RM · 13d ago on Sep 19, 2026· 77m 19s· 4 players
Game mode
Random Map
Map size
Medium (4 player)
Population
200
Speed
Normal
Resources
Standard
Victory
Conquest
Starting age
Dark Age
Ending age
Imperial Age
RankedLock teamsTeams togetherTeam positionsShared explorationLock speedFull tech treeHidden civsTurbo modeCheats
Victory
Defeat
🇪🇸 Chinese · Spain
646
+17
🇪🇸 Bohemians · Spain
590
+21
🇩🇪 Italians · Germany
700
-20
🇩🇪 Franks · Germany
650
-18
Garesss
15:37 Feudal Age
22:57 Castle Age
20:40 Horse Collar
20:48 Double-Bit Axe
22:44 Wheelbarrow
23:01 Pikeman
24:38 Squires
24:24 Arson
24:51 Heavy Plow
25:19 Bow Saw
31:59 Hand Cart
35:06 Ballistics
37:38 Imperial Age
37:10 Forging
36:50 Fletching
37:01 Scale Mail Armor
37:01 Padded Archer Armor
38:07 Chemistry
37:46 Elite Skirmisher
39:31 Conscription
43:28 Iron Casting
42:49 Bodkin Arrow
43:10 Chain Mail Armor
43:10 Leather Archer Armor
44:18 Two-Man Saw
46:06 Bracer
48:31 Blast Furnace
48:28 Siege Engineers
49:45 Halberdier
52:35 Plate Mail Armor
52:36 Ring Archer Armor
64:27 Houfnice
dan_sp
10:28 Loom
12:19 Loom
14:29 Feudal Age
17:22 Wheelbarrow
16:38 Horse Collar
16:46 Double-Bit Axe
23:55 Castle Age
23:36 Fletching
23:47 Padded Archer Armor
23:58 Forging
23:49 Scale Mail Armor
23:56 Scale Barding Armor
25:10 Hand Cart
24:41 Town Watch
25:41 Squires
25:02 Pikeman
26:28 Iron Casting
25:48 Bodkin Arrow
27:11 Town Patrol
27:52 Bow Saw
27:48 Heavy Plow
29:15 Arson
29:51 Chain Mail Armor
29:52 Leather Archer Armor
31:37 Great Wall
32:02 Chain Barding Armor
31:47 Murder Holes
32:50 Gold Mining
32:57 Stone Mining
34:07 Gold Shaft Mining
34:13 Stone Shaft Mining
36:43 Imperial Age
37:01 Elite Chu Ko Nu
37:18 Cavalier
37:59 Husbandry
40:40 Two-Man Saw
40:35 Halberdier
40:54 Heavy Rocket Cart
42:56 Elite Skirmisher
48:03 Blast Furnace
47:39 Ring Archer Armor
49:44 Plate Barding Armor
49:40 Plate Mail Armor
49:11 Bracer
65:21 Masonry
66:12 Chemistry
64:59 Arrowslits
65:27 Fortified Wall
65:39 Ballistics
65:17 Heated Shot
oemerayan
0:30 Loom
10:32 Feudal Age
20:41 Castle Age
21:59 Double-Bit Axe
21:58 Horse Collar
23:03 Heavy Plow
32:37 Imperial Age
32:01 Fortified Wall
31:48 Murder Holes
32:15 Ballistics
34:25 Chemistry
34:04 Conscription
34:27 Wheelbarrow
33:37 Town Watch
36:04 Ballistics
36:11 Hand Cart
35:53 Gold Mining
36:19 Bow Saw
36:59 Husbandry
37:09 Bloodlines
37:29 Forging
37:25 Scale Barding Armor
37:22 Scale Mail Armor
39:12 Cavalier
43:08 Padded Archer Armor
42:58 Fletching
43:30 Chain Barding Armor
43:46 Iron Casting
45:17 Leather Archer Armor
44:57 Bodkin Arrow
45:17 Chain Mail Armor
44:41 Elite Skirmisher
45:26 Thumb Ring
45:51 Caravan
48:24 Ring Archer Armor
54:39 Light Cavalry
55:33 Hussar
Cebel-i Kebir
0:44 Loom
12:52 Feudal Age
13:47 Double-Bit Axe
14:58 Gold Mining
21:31 Castle Age
20:55 Stone Mining
27:14 Bow Saw
30:32 Gold Shaft Mining
36:12 Imperial Age
34:29 Husbandry
36:29 Wheelbarrow
35:40 Town Watch
37:59 Town Patrol
39:24 Hand Cart
38:40 Cavalier
40:21 Paladin
41:36 Caravan
42:06 Coinage
42:46 Conscription
43:12 Chivalry
43:58 Banking
43:57 Scale Mail Armor
44:02 Scale Barding Armor
43:58 Padded Archer Armor
43:48 Fletching
44:09 Forging
47:26 #83
47:33 Chain Barding Armor
47:29 Chain Mail Armor
47:29 Leather Archer Armor
47:09 Bodkin Arrow
47:49 Iron Casting
48:57 Elite Throwing Axeman
52:24 Chemistry
51:44 Ballistics
51:35 Fortified Wall
51:21 Murder Holes
51:31 Siege Engineers
51:36 Masonry
52:06 Plate Barding Armor
52:01 Plate Mail Armor
52:07 Iron Casting
54:41 Hoardings
57:55 Elite Skirmisher
Connection lost

Rejoining the realm…

Still unreachable

The connection could not be restored.

Session expired

The server has moved on; the page needs a fresh start.